 Dungeon Crawl Stone Soup version 0.30-a0-728-gc68057be0a (webtiles) character file.

Game seed: 11821954280151697914

984 Flugkiller the Purveyor of Pain (level 8, -2/46 (48) HPs)
             Began as an Octopode Necromancer on Jan 30, 2023.
             Was an Initiate of Kikubaaqudgha.
             Slain by a wight
             ... wielding a +0 falchion
              (3 damage)
             ... on level 6 of the Dungeon.
             The game lasted 00:12:32 (5019 turns).

Flugkiller the Purveyor of Pain (OpNe)              Turns: 5019, Time: 00:12:33

HP:   -2/46 (48)    AC:  1    Str: 10 (13) XL:     8   Next: 18%
MP:   20/24         EV: 13    Int: 18 (20) God:    Kikubaaqudgha [......]
Gold: 64            SH:  0    Dex: 11 (12) Spells: 12/16 levels left

rFire   + + .      SeeInvis .    x - +1 rapier (drain)
rCold   + . .      Faith    .    (no shield)
rNeg    . . .      Spirit   .    (helmet restricted)
rPois   +          Reflect  .    (no amulet)
rElec   +          Harm     .    p - ring of protection from fire
rCorr   +          Rampage  .    c - ring of magical power
Will    .....                    y - +6 ring of strength
Stlth   +++                      (no ring)
HPRegen 0.27/turn                (no ring)
MPRegen 0.19/turn                (no ring)
                                 (no ring)
                                 (no ring)

@: brilliant, resistant (expiring), lightly drained
A: almost no armour, amphibious, 8 rings, camouflage 1, gelatinous body 1,
(nimble swimmer 1), tentacles, frail 1, mutation resistance 1
a: Renounce Religion


You were on level 6 of the Dungeon.
You worshipped Kikubaaqudgha.
Kikubaaqudgha was noncommittal.
You visited 2 branches of the dungeon, and saw 7 of its levels.

You collected 178 gold pieces.
You spent 114 gold pieces at shops.

Inventory:

Hand Weapons
 k - a +2 dagger of freezing
   (You found it on level 2 of the Dungeon)
 s - a +1 falchion of protection
   (You found it on level 2 of the Dungeon)
 x - a +1 rapier of draining (weapon)
   (You found it on level 3 of the Dungeon)
Missiles
 d - 28 poisoned darts (quivered)
 l - a curare-tipped dart
Jewellery
 c - a ring of magical power (right tentacle)
   (You found it on level 2 of the Dungeon)
 p - a ring of protection from fire (left tentacle)
   (You found it on level 1 of the Dungeon)
 y - a +6 ring of strength (on tentacle)
   (You found it on level 3 of the Dungeon)
Scrolls
 i - a scroll of poison {unknown}
 z - a scroll of acquirement
Potions
 a - a potion of magic
 b - 2 potions of flight
 e - a potion of lignification {unknown}
 f - a potion of might {unknown}
 g - 5 potions of attraction
 h - a potion of mutation
 m - a potion of degeneration
 n - 2 potions of resistance
 u - 2 potions of berserk rage


   Skills:
 + Level 4.7 Fighting
 + Level 2.3 Short Blades
 - Level 3.0 Dodging
 - Level 4.0 Stealth
 + Level 4.7 Spellcasting
 - Level 6.0 Necromancy


You had 12 spell levels left.
You knew the following spells:

 Your Spells              Type           Power      Damage    Failure   Level
a - Necrotise             Necr           100%       1d9       1%          1
b - Vampiric Draining     Necr           38%        2d8       3%          3

Your spell library contained the following spells:

 Spells                   Type           Power      Damage    Failure   Level
 Animate Dead             Necr           38%        N/A       12%         4
 Summon Small Mammal      Summ           24%        N/A       14%         1
 Agony                    Necr           38%        N/A       32%         5
 Call Canine Familiar     Summ           6%         N/A       38%         3
 Summon Guardian Golem    Hex/Summ       6%         N/A       38%         3
 Blade Hands              Tmut           3%         N/A       98%         5
 Irradiate                Conj/Tmut      3%         3d12      98%         5
 Dragon Form              Tmut           3%         N/A       100%        7


Dungeon Overview and Level Annotations

Branches:
Dungeon (6/15) Zot: 26838  Temple (1/1) D:4 Zot: 5981

Altars:
Dithmenos
Elyvilon
Fedhas
Kikubaaqudgha
Makhleb
Qazlal
Ru
Sif Muna
Trog
Uskayaw
Vehumet
Wu Jian
Xom

Shops:
D:1 *


Innate Abilities, Weirdness & Mutations

You cannot wear most types of armour.
You are amphibious.
You can wear up to eight rings at the same time.
Your skin changes colour to match your surroundings (Stealth+).
Your rubbery body absorbs attacks. (AC +1, EV +1)
((You are camouflaged when in or above water. (Stealth+)))
You have tentacles for arms and can constrict up to eight enemies at once.
You are frail. (-10% HP)
You are somewhat resistant to further mutation.


Message History

Confirm with . or Enter, or press ? or * to list all spells.
Aiming: Necrotise (safe; 1% risk of failure)
Press: ? - help, Shift-Dir - straight line, f/p - kobold brigand
Aim: a kobold brigand, wielding a +0 dagger and quivering curare-tipped darts (moderately wounded, chance to affect: 83%)
You feel a surge of power!
The kobold brigand barely resists.
Casting: Necrotise (safe; 1% risk of failure)
Confirm with . or Enter, or press ? or * to list all spells.
Aiming: Necrotise (safe; 1% risk of failure)
Press: ? - help, Shift-Dir - straight line, f/p - kobold brigand
Aim: a kobold brigand, wielding a +0 dagger and quivering curare-tipped darts (moderately wounded, chance to affect: 83%)
You feel a surge of power!
The kobold brigand barely resists.
You float gracefully downwards.
Casting: Necrotise (safe; 1% risk of failure)
Confirm with . or Enter, or press ? or * to list all spells.
Aiming: Necrotise (safe; 1% risk of failure)
Press: ? - help, Shift-Dir - straight line, f/p - kobold brigand
Aim: a kobold brigand, wielding a +0 dagger and quivering curare-tipped darts (moderately wounded, chance to affect: 83%)
You feel a surge of power!
The kobold brigand writhes in agony!
Casting: Necrotise (safe; 1% risk of failure)
Confirm with . or Enter, or press ? or * to list all spells.
Aiming: Necrotise (safe; 1% risk of failure)
Press: ? - help, Shift-Dir - straight line, f/p - kobold brigand
Aim: a kobold brigand, wielding a +0 dagger and quivering curare-tipped darts (heavily wounded, chance to affect: 83%)
You feel a surge of power!
The kobold brigand writhes in agony.
The kobold brigand hits you with a +0 dagger.
You closely miss the kobold brigand. You grab the kobold brigand.
You squeeze the kobold brigand!
The kobold brigand is almost dead.
You constrict the kobold brigand.
You kill the kobold brigand!
Kikubaaqudgha accepts your kill.
A hound comes into view.
Your life force feels restored.
Your Short Blades skill increases to level 2!
Found a stone staircase leading down.
The hound barks!
The kobold hits you with a +0 short sword.
The kobold throws a stone.
The stone hits you but does no damage.
Things that are here:
a +0 dagger; a curare-tipped dart; a kobold corpse You hit the kobold but do no damage.
You drain the kobold.
You kill the kobold!
Kikubaaqudgha accepts your kill.
You hit the kobold.
You kill the kobold!
Kikubaaqudgha accepts your kill. The kobold barely misses you.
The kobold hits you but does no damage.
A wight comes into view. It is wielding a +0 falchion.
You closely miss the kobold. You grab the kobold.
You squeeze the kobold, but do no damage.
You hear the rusting of a distant drain.
You constrict the kobold, but do no damage.
The hound bites you. The kobold closely misses you.
You hit the hound. You drain the hound. Your grab misses the hound.
The hound is heavily wounded.
You constrict the kobold. The hound bites you. The kobold barely misses you.
You hit the hound but do no damage. Your grab misses the hound.
You squeeze the hound.
The hound is severely wounded.
You constrict the kobold. The hound bites you. x2
The kobold hits you with a +0 club.
Casting: Necrotise (safe; 1% risk of failure)
Confirm with . or Enter, or press ? or * to list all spells.
Aiming: Necrotise (safe; 1% risk of failure)
Press: ? - help, Shift-Dir - straight line, f - hound
Aim: a hound (severely wounded, heavily drained, chance to affect: 90%)
You feel a surge of power!
The hound writhes in agony.
You constrict the kobold.
You kill the kobold!
Kikubaaqudgha accepts your kill. The hound bites you. The hound misses you.
The hound attacks as you move away! The hound closely misses you.
You miss the hound. Your grab misses the hound.
The hound is severely wounded.
You start to feel less resistant.
The hound barely misses you. The hound bites you.
You closely miss the hound. You grab the hound.
The hound is severely wounded.
You constrict the hound. The hound completely misses you.
You hit the hound.
You kill the hound!
Kikubaaqudgha accepts your kill. The wight hits you with a +0 falchion!
* * * LOW HITPOINT WARNING * * *
You feel drained.
* * * LOW HITPOINT WARNING * * *
You feel your intelligence returning.
Your life force feels restored.
Unknown command.
You hit the wight but do no damage. You grab the wight. You squeeze the wight.
The wight is lightly damaged.
You constrict the wight, but do no damage.
The wight barely misses you.
You hit the wight but do no damage.
You squeeze the wight, but do no damage.
The wight is lightly damaged.
You constrict the wight. The wight hits you with a +0 falchion!
* * * LOW HITPOINT WARNING * * *
You feel drained.
You die...
Kikubaaqudgha rasps: "You have failed me!
Welcome... death!"

###.####.# #.
##.....##.##
#..#.......#..#
#..#.......#..#
#......_......#
..#.......#..#
#.......#..#
##.....##..#
#..####@####..#
#....)z)......#
#....).....[..#
#......#########
......# ...... .
.......... .
.......#. .#
#.......>.


You could see a wight.

Vanquished Creatures
  A water moccasin (D:5)
  2 kobold brigands
  2 scorpions (D:5)
  A wight (D:6)
  2 killer bees (D:6)
  3 hounds
  A gnoll bouda (D:4)
  A jelly (D:4)
  3 iguanas
  5 gnolls
  10 adders
  An ufetubus (D:5)
  A worm (D:5)
  3 dart slugs
  7 orcs (D:4)
  3 endoplasms
  5 goblins
  3 hobgoblins
  21 kobolds
  3 quokkas
  5 ball pythons
  2 bats
  3 frilled lizards
  A rat (D:1)
89 creatures vanquished.

Vanquished Creatures (collateral kills)
  A hound (D:6)
  4 kobolds (D:4)
5 creatures vanquished.

Vanquished Creatures (others)
  36 plants (D:4)
36 creatures vanquished.

Grand Total: 130 creatures vanquished

Notes
Turn   | Place    | Note
-------+----------+-------------------------------------------
     0 | D:1      | Flugkiller the Octopode Necromancer began the quest for the
                  | Orb.
     0 | D:1      | Reached XP level 1. HP: 11/11 MP: 3/3
    88 | D:1      | Reached skill level 1 in Fighting
   255 | D:1      | Reached XP level 2. HP: 18/18 MP: 3/5
   333 | D:1      | Found Byggoff's Assorted Antiques.
   404 | D:1      | Bought a scroll labelled CIH PISUBIELAO for 24 gold pieces
   404 | D:1      | Bought a scroll labelled HOIRHOAXZI for 24 gold pieces
   780 | D:2      | Reached XP level 3. HP: 20/24 MP: 1/6
  1253 | D:1      | Bought a scroll labelled UMEEPHYIG for 24 gold pieces
  1312 | D:3      | Reached skill level 5 in Necromancy
  1312 | D:3      | Reached XP level 4. HP: 29/29 MP: 7/7
  1316 | D:3      | Learned a level 3 spell: Vampiric Draining
  1478 | D:3      | You fall into a shaft and drop 2 floors!
  1478 | D:5      | Entered Level 5 of the Dungeon
  2136 | D:1      | Bought a bubbling brown potion for 21 gold pieces
  2388 | D:1      | Bought a pink potion for 21 gold pieces
  2672 | D:3      | Reached XP level 5. HP: 35/35 MP: 8/8
  3147 | D:4      | Noticed a kobold brigand
  3159 | D:4      | Killed a kobold brigand
  3160 | D:4      | Reached XP level 6. HP: 38/42 MP: 3/10
  3341 | D:4      | Found a staircase to the Ecumenical Temple.
  3357 | Temple   | Entered the Ecumenical Temple
  3366 | Temple   | Became a worshipper of Kikubaaqudgha
  3459 | D:4      | Reached skill level 6 in Necromancy
  3877 | D:5      | Identified a scroll of acquirement
  3908 | D:5      | Reached XP level 7. HP: 40/46 MP: 13/13
  4932 | D:6      | Reached skill level 1 in Short Blades
  4967 | D:6      | Reached XP level 8. HP: 6/54 MP: 14/14
  4968 | D:6      | HP: 2/54 [wight/+4 dagger (10)]
  4974 | D:6      | Gained mutation: You are frail. (-10% HP) [potion of
                  | mutation]
  4974 | D:6      | Gained mutation: You are somewhat resistant to further
                  | mutation. [potion of mutation]
  4992 | D:6      | Found a sacrificial altar of Ru.
  5019 | D:6      | HP: 1/48 [wight/+0 falchion (9)]
  5019 | D:6      | Slain by a wight

Illustrated notes

Levels and vault maps discovered:
D:1:      dpeg_arrival_rooms_with_view, layout_basic, serial_shops,
          nicolae_shop_overgrown_old_shop, solitary_fountain
D:2:      layout_basic, minmay_pentomino_q2
D:3:      layout_loops_corners
D:4:      kennysheep_kobold_camp, layout_basic, temple_statues, serial_glass,
          glass_columns_c, glass_columns_a
D:5:      layout_basic
D:6:      layout_cave_pools, grunt_temple_overflow_holy_war, old_standard_altar,
          gup_sewer_entry_spiral, nicolae_shop_sticking_my_neck_out
Temple:   nicolae_temple_two_arcs

Skill      XL: |  1  2  3  4  5  6  7  8 |
---------------+-------------------------+-----
Fighting       | 1 2 3 4 |  4.7
Stealth        | 3 4 |  4.0
Necromancy     | 5 6 |  6.0
Spellcasting   | 3 4 |  4.7
Short Blades   | 1 2 |  2.3
Dodging        | 3 |  3.0

Action                     |  1- 3 |  4- 6 |  7- 9 || total
---------------------------+-------+-------+-------++-------
  Melee: Whip              |     6 |       |       ||     6
         Constrict         |     3 |     6 |     8 ||    17
         Tentacles         |     1 |     5 |    11 ||    17
         Dagger            |     1 |     2 |       ||     3
         Falchion          |       |    14 |       ||    14
         Rapier            |       |     1 |    25 ||    26
  Throw: Dart              |     2 |     9 |     2 ||    13
   Cast: Necrotise         |    38 |    95 |    46 ||   179
         Vampiric Draining |       |       |     4 ||     4
    Use: Scroll            |     1 |     6 |     5 ||    12
         Potion            |       |       |    12 ||    12
   Stab: Sleeping          |     1 |       |     1 ||     2
 Armour: Skin              |       |     8 |     2 ||    10
  Dodge: Dodged            |     2 |    17 |    31 ||    50

Table legend: (Time is in decaauts)
 A = Elapsed time spent in this place.
 B = Non-inter-level travel time spent in this place.
 C = Inter-level travel time spent in this place.
 D = Time resting spent in this place.
 E = Time spent auto-exploring this place.
 F = Levels seen in this place.
 G = Mean time per level.
                   A        B        C        D        E       F      G
               +--------+--------+--------+--------+--------+-----+--------+
         Total |   5037 |   4508 |    529 |    319 |   2634 |   7 |  719.6 |
       Dungeon |   5018 |   4489 |    529 |    319 |   2634 |   6 |  836.3 |
        Temple |     18 |     18 |      0 |      0 |      0 |   1 |   18.0 |
               +--------+--------+--------+--------+--------+-----+--------+

Top non-repeatable levels by time:
     D:4: 1501 daAuts
     D:3: 1022 daAuts
     D:5: 965 daAuts
     D:1: 759 daAuts
     D:2: 609 daAuts
     D:6: 160 daAuts
  Temple: 18 daAuts
